 Dungeon Crawl Stone Soup version 0.30-a0-329-g85436e0a43 (webtiles) character file.

Game seed: 11676273005976209882

117 bande the Chopper (level 5, 0/46 HPs)
             Began as a Hill Orc Fighter on Oct 28, 2022.
             Succumbed to a gnoll's poison
             ... on level 3 of the Dungeon.
             The game lasted 00:02:53 (2175 turns).

bande the Chopper (Hill Orc Fighter)                Turns: 2175, Time: 00:02:54

Health: 0/46       AC:  8    Str: 19    XL:     5   Next: 1%
Magic:  5/5        EV:  9    Int:  8    God:
Gold:   263        SH:  5    Dex: 12    Spells: 4/4 levels left

rFire   . . .      SeeInvis .    a - +1 war axe
rCold   . . .      Faith    .    c - +0 buckler
rNeg    . . .      Spirit   .    b - +0 scale mail
rPois   .          Reflect  .    (no helmet)
rElec   .          Harm     .    (no cloak)
rCorr   .          Rampage  .    i - +0 pair of gloves
Will    .....                    (no boots)
Stlth   ..........               (no amulet)
HPRegen 0.27/turn                (no ring)
MPRegen 0.09/turn                (no ring)

@: lethally poisoned (0 -> -3)
A: no striking features
a: no special abilities


You were on level 3 of the Dungeon.
You visited 1 branch of the dungeon, and saw 4 of its levels.

You collected 263 gold pieces.

Inventory:

Hand Weapons
 a - a +1 war axe (weapon)
Armour
 b - a +0 scale mail (worn)
 c - a +0 buckler (worn)
 i - a +0 pair of gloves (worn)
Jewellery
 f - a ring of protection from fire
 h - an amulet of magic regeneration
 m - a ring of flight
 q - a ring of positive energy
Scrolls
 g - a scroll of identify
 j - a scroll of enchant weapon
 k - 2 scrolls of fog
Potions
 d - 2 potions of might
 e - a potion of brilliance {unknown}
 l - a potion of berserk rage
 n - a potion of haste {unknown}
 o - a potion of magic
 p - a potion of curing


   Skills:
 + Level 4.1 Fighting
 + Level 4.5 Axes
 + Level 4.2 Armour
 + Level 4.0 Shields


You had 4 spell levels left.
You didn't know any spells.
Your spell library contained the following spells:

 Spells                   Type           Power      Damage    Failure   Level
 Summon Guardian Golem    Hex/Summ       0%         N/A       99%         3
 Orb of Destruction       Conj           0%         9d5       100%        7
 Spellforged Servitor     Conj/Summ      0%         N/A       100%        7


Dungeon Overview and Level Annotations

Branches:
Dungeon (4/15)
 Temple: D:4-7

Altars:


Message History

You closely miss the gnoll.
The gnoll hits you with a +1 whip of venom.
You are poisoned.
A gnoll comes into view. It is wielding a +0 halberd.
The gnoll shouts!
You hit the gnoll.
The gnoll is moderately wounded.
You feel very sick.
The gnoll hits you with a +1 whip of venom.
You are more poisoned.
The gnoll barely misses you.
You barely miss the gnoll.
The gnoll is moderately wounded.
You feel very sick. The gnoll closely misses you. The gnoll barely misses you.
Unknown command.
You slash the gnoll!
You kill the gnoll!
* * * LOW HITPOINT WARNING * * *
You feel very sick.
The gnoll hits you from afar with a +0 halberd.
* * * LOW HITPOINT WARNING * * *
You have reached level 5!
You feel stronger.
* * * LOW HITPOINT WARNING * * *
You feel very sick. The gnoll hits you with a +0 halberd.
* * * LOW HITPOINT WARNING * * *
Items here: )) ††.
You barely miss the gnoll.
* * * LOW HITPOINT WARNING * * *
You feel sick. You block the gnoll's attack.
You slash the gnoll!
The gnoll is severely wounded.
* * * LOW HITPOINT WARNING * * *
You feel sick. The gnoll barely misses you. You block the gnoll's attack.
Unknown command.
You barely miss the gnoll.
The gnoll is severely wounded.
You die...

.. ..# #.# #.# #.#
#.# #.####.####.#
#.......@g..#
.(####.###### #.#
##. #.# ... #.#
#.# ########.#
#.#####........###
#.##..........>..#
#.##.##.########.#


You could see a gnoll.

Vanquished Creatures
  2 gnolls (D:3)
  5 adders
  3 dart slugs
  3 ball pythons
  3 bats
  5 endoplasms
  2 giant cockroaches (D:4)
  3 hobgoblins
  5 quokkas
  A frilled lizard (D:2)
  5 goblins
  4 kobolds
  5 rats
46 creatures vanquished.

Notes
Turn   | Place    | Note
-------+----------+-------------------------------------------
     0 | D:1      | bande the Hill Orc Fighter began the quest for the Orb.
     0 | D:1      | Reached XP level 1. HP: 19/19 MP: 1/1
   224 | D:1      | Reached XP level 2. HP: 27/27 MP: 2/2
   964 | D:2      | Reached XP level 3. HP: 22/33 MP: 3/3
  1522 | D:2      | Reached XP level 4. HP: 34/40 MP: 4/4
  1725 | D:2      | Found a faded altar of an unknown god.
  1997 | D:3      | You fall into a shaft and drop 1 floor!
  2172 | D:3      | Reached XP level 5. HP: 10/46 MP: 5/5
  2174 | D:3      | HP: 1/46 [poisoned by a gnoll]
  2175 | D:3      | Succumbed to a gnoll's poison

Illustrated notes

Levels and vault maps discovered:
D:1:      lemuel_arrival_muddy, layout_loops_ring, corner_web_ring
D:2:      layout_basic, hellmonk_ecumenical_altar_leap_of_faith,
          minmay_misc_feat_room, kennysheep_cross_room
D:3:      layout_loops_ring
D:4:      layout_cave_pools, minmay_temple_entry_glass, serial_shops,
          nicolae_shop_competitors_out_of_business, palyth_stone_intersect

Skill      XL: |  1  2  3  4 |
---------------+-------------+-----
Axes           | 3 4 |  4.5
Fighting       | 4 |  4.1
Armour         | 4 |  4.2
Shields        | 4 |  4.0

Action                   |  1- 3 |  4- 6 || total
-------------------------+-------+-------++-------
Melee: War axe           |    78 |    34 ||   112
  Use: Scroll            |     7 |     1 ||     8
Armor: Scale mail        |    29 |    16 ||    45
Dodge: Dodged            |    31 |    17 ||    48
Block: Buckler           |    19 |     6 ||    25

Table legend: (Time is in decaauts)
 A = Elapsed time spent in this place.
 B = Non-inter-level travel time spent in this place.
 C = Inter-level travel time spent in this place.
 D = Time resting spent in this place.
 E = Time spent auto-exploring this place.
 F = Levels seen in this place.
 G = Mean time per level.
                   A        B        C        D        E       F      G
               +--------+--------+--------+--------+--------+-----+--------+
         Total |   2217 |   2073 |    144 |     66 |   1621 |   4 |  554.2 |
       Dungeon |   2217 |   2073 |    144 |     66 |   1621 |   4 |  554.2 |
               +--------+--------+--------+--------+--------+-----+--------+

Top non-repeatable levels by time:
     D:2: 1091 daAuts
     D:1: 908 daAuts
     D:3: 121 daAuts
     D:4: 95 daAuts
